Map: Simulacrum LE

Players

thermostaat (uThermal) - Winner!

  • Race: Terran Terran
  • Spawn Location: 11:00

LiquidTLO (TLO)

  • Race: Zerg Zerg
  • League: Grandmaster
  • Spawn Location: 5:00

Event: Cheeseadelphia XI, Cheeseadelphia XI

VOD

Have the link to the VOD?

Description

Time

  • Played on: Dec. 14, 2019, 4:47 p.m.
  • Length: 11:04

All games in this series

Show
View Real Time Build Order
Export as new Build Order

thermostaat Terran - Winner!

Build Orders: Liberator Opening, Reaper Expand 

Get SALT Encoding   

  12  0:01  SCV  
  13  0:13  SCV  
  14  0:17  Supply Depot  
  14  0:25  SCV  
  15  0:38  SCV  
  15  0:39  Barracks  
  16  0:43  Refinery  
  16  0:50  SCV  
  17  1:02  SCV  
  18  1:14  SCV  
  19  1:27  Orbital Command, Reaper  
  20  1:40  Command Center  
  20  1:50  Supply Depot  
  20  1:54  SCV  
  21  1:59  Marine  
  22  2:06  SCV  
  23  2:09  Factory  
  23  2:18  SCV  
  23  2:19  Barracks Reactor  
  24  2:24  Refinery  
  24  2:30  SCV  
  25  2:42  SCV  
  25  2:52  Orbital Command  
  25  2:54  SCV  
  25  2:55  Starport  
  26  3:00  Hellion x2  
  30  3:06  SCV  
  30  3:10  Barracks Tech Lab  
  30  3:11  Supply Depot  
  31  3:16  Liberator  
  31  3:18  SCV x2  
  33  3:21  Hellion  
  33  3:22  Hellion  
  37  3:30  SCV x2  
  42  3:42  SCV  
  42  3:43  Hellion  
  42  3:44  Hellion  
  47  3:51  SCV  
  47  3:53  Supply Depot  
  47  3:54  SCV  
  49  4:06  SCV  
  49  4:09  Command Center  
  50  4:10  SCV  
  50  4:16  Starport Reactor  
  51  4:17  Stimpack, Marine  
  51  4:18  SCV  
  51  4:22  Factory Tech Lab  
  53  4:27  Barracks  
  53  4:29  Barracks  
  53  4:30  SCV  
  54  4:35  Marine  
  55  4:39  SCV  
  55  4:43  Supply Depot, Siege Tank  
  55  4:45  SCV  
  58  4:52  Marine  
  50  4:56  SCV  
  50  4:57  Engineering Bay x2, SCV  
  51  5:02  Starport Reactor  
  51  5:05  Refinery  
  51  5:06  Refinery  
  48  5:08  SCV  
  48  5:09  SCV  
  48  5:10  Marine  
  51  5:15  Siege Tank, Marine x2  
  51  5:20  SCV  
  57  5:22  Marine x2  
  57  5:23  SCV  
  57  5:26  Orbital Command  
  57  5:28  Marine  
  59  5:31  Terran Infantry Weapons Level 1, Terran Infantry Armor Level 1  
  59  5:33  SCV  
  59  5:34  Marine  
  62  5:35  SCV  
  63  5:46  Barracks  
  63  5:47  Medivac  
  63  5:48  Barracks, Orbital Command  
  63  5:49  Medivac  
  67  5:50  Marine x2  
  67  5:53  SCV  
  67  5:54  Marine  
  71  5:57  Marine  
  71  5:59  SCV  
  71  6:01  Combat Shield  
  71  6:04  Supply Depot  
  73  6:05  SCV  
  73  6:10  Marine x2  
  76  6:11  SCV  
  76  6:13  Supply Depot  
  76  6:14  SCV  
  76  6:16  Siege Tank, Marine  
  76  6:17  SCV, Marine  
  84  6:24  Marine  
  86  6:25  SCV  
  86  6:26  SCV, Supply Depot  
  86  6:31  SCV, Marine x2  
  90  6:34  Armory  
  90  6:35  Barracks Reactor x2  
  90  6:37  SCV  
  90  6:39  Marine  
  92  6:41  Supply Depot, Marine  
  92  6:43  SCV x2  
  92  6:45  Medivac  
  97  6:48  Medivac  
  97  6:51  Marine x2  
  101  6:55  Marine  
  101  6:57  Supply Depot x2  
  101  6:59  Siege Tank, Marine  
  101  7:00  SCV  
  107  7:12  Marine x2  
  109  7:19  Barracks x2, SCV  
  109  7:20  Barracks  
  109  7:21  Marine  
  109  7:22  Supply Depot  
  115  7:23  Marine  
  115  7:24  Marine  
  117  7:30  Terran Infantry Armor Level 2, Terran Infantry Weapons Level 2  
  117  7:31  Marine  
  117  7:32  Marine x3  
  117  7:39  Marine x2  
  119  7:48  Medivac, Marine  
  118  7:51  Marine x2  
  118  7:53  Siege Tank, Marine x4  
  118  7:55  Supply Depot  
  118  7:57  Missile Turret x2  
  127  8:00  Missile Turret  
  127  8:02  Terran Vehicle Weapons Level 1, Marine x2  
  128  8:06  Marine  
  128  8:09  Marine x2  
  128  8:11  Marine  
  132  8:14  Marine  
  132  8:18  Marine x2  
  135  8:20  Medivac, Marine x2  
  135  8:21  Marine x2  
  135  8:22  Marine  
  135  8:26  Supply Depot  
  142  8:27  Siege Tank, Supply Depot x2  
  142  8:29  Marine x3  
  142  8:34  Marine  
  149  8:41  Supply Depot  
  149  8:47  Medivac, Marine x6  
  157  8:48  Marine x2  
  157  8:50  Marine  
  157  8:52  Marine  
  157  8:53  Marine x2  
  163  8:59  Siege Tank  
  163  9:00  Supply Depot  
  166  9:05  Marine x2  
  168  9:10  Marine  
  168  9:13  Marine x2  
  168  9:15  Medivac, Marine  
  168  9:19  Marine x2  
  168  9:20  Marine  
  168  9:21  Supply Depot  
  168  9:22  Supply Depot  
  171  9:24  Sensor Tower  
  171  9:27  Medivac, Marine x2  
  175  9:31  Siege Tank  
  175  9:32  Marine x2  
  175  9:33  Marine  
  181  9:43  Marine x2  
  183  9:52  Marine x2  
  185  9:54  Medivac  
  185  9:57  Medivac, Marine  
  190  10:00  Marine  
  190  10:01  Marine  
  190  10:02  Marine x3  
  190  10:04  Siege Tank, Marine x2  
  200  10:09  Marine  
  194  10:20  Command Center  
  187  10:36  Marine  
  187  10:39  Marine  
  161  10:44  Marine x2  
Show
View Real Time Build Order
Export as new Build Order

LiquidTLO Zerg 

Build Orders: Hatch First 

Get SALT Encoding   

  12  0:00  Drone  
  13  0:13  Overlord  
  13  0:17  Drone  
  14  0:31  Drone x2  
  16  0:47  Hatchery  
  15  0:52  Drone  
  15  0:55  Drone  
  17  0:58  Drone  
  18  1:04  Extractor  
  17  1:14  Spawning Pool  
  17  1:18  Drone  
  17  1:22  Drone  
  18  1:28  Drone  
  19  1:39  Drone  
  20  1:49  Overlord  
  20  2:00  Drone, Queen  
  20  2:01  Queen  
  25  2:02  Zergling x2  
  25  2:07  Metabolic Boost  
  26  2:10  Zergling x2  
  26  2:15  Drone  
  28  2:21  Drone  
  29  2:23  Drone  
  29  2:28  Extractor  
  30  2:37  Hatchery  
  30  2:42  Drone  
  29  2:50  Drone x2  
  33  2:53  Queen  
  33  2:55  Drone  
  33  2:56  Drone  
  35  3:03  Overlord  
  35  3:06  Overlord  
  35  3:10  Extractor  
  35  3:11  Extractor  
  35  3:12  Drone x2  
  37  3:22  Drone x4  
  41  3:30  Queen  
  41  3:32  Drone  
  41  3:33  Drone  
  45  3:39  Queen  
  45  3:41  Drone  
  47  3:43  Drone  
  47  3:44  Zergling x2  
  47  3:45  Zergling x2  
  50  3:49  Zergling x2  
  50  3:53  Baneling Nest  
  50  3:54  Zergling x2  
  51  3:56  Queen  
  51  3:59  Drone, Zergling x2  
  51  4:02  Drone  
  56  4:03  Drone  
  56  4:05  Zergling x2  
  58  4:11  Overlord  
  58  4:12  Overlord  
  58  4:19  Overlord  
  58  4:29  Queen  
  60  4:32  Zergling x2  
  60  4:35  Zergling x4  
  60  4:38  Drone  
  63  4:39  Drone  
  63  4:40  Drone  
  63  4:41  Zergling x2  
  63  4:45  Drone x2  
  65  4:46  Drone  
  65  4:48  Drone  
  65  4:50  Drone x3  
  65  4:52  Drone  
  65  4:53  Drone  
  65  4:55  Drone  
  67  5:03  Drone  
  67  5:04  Drone x2  
  66  5:11  Lair  
  66  5:13  Drone, Extractor  
  66  5:14  Drone  
  66  5:15  Drone  
  66  5:16  Drone  
  66  5:19  Drone  
  66  5:20  Drone  
  71  5:22  Drone  
  71  5:24  Drone  
  71  5:28  Drone  
  74  5:29  Drone  
  74  5:30  Evolution Chamber x2  
  74  5:35  Drone  
  74  5:37  Drone  
  74  5:39  Drone  
  74  5:41  Drone, Extractor  
  74  5:42  Drone x2  
  78  5:44  Drone x2, Overlord  
  78  5:45  Extractor  
  78  5:47  Drone, Overlord  
  80  5:52  Drone  
  80  5:54  Overlord  
  81  5:57  Zerg Melee Weapons Level 1, Zerg Ground Armor Level 1  
  81  5:59  Overlord  
  81  6:01  Overlord  
  81  6:05  Overlord  
  81  6:09  Drone  
  81  6:10  Centrifical Hooks  
  82  6:14  Extractor  
  82  6:16  Hatchery  
  82  6:17  Zergling x2  
  82  6:18  Zergling x2  
  82  6:19  Drone  
  82  6:21  Zergling x4  
  82  6:22  Zergling x2  
  82  6:24  Zergling x4  
  87  6:26  Zergling x2  
  87  6:27  Zergling x2  
  87  6:28  Zergling x2  
  87  6:29  Zergling x2  
  87  6:30  Zergling x2  
  87  6:32  Zergling x2  
  90  6:33  Zergling x2  
  91  6:43  Baneling x6  
  91  6:44  Zergling x4  
  91  6:45  Zergling x6  
  96  6:50  Zergling x8  
  96  6:52  Hydralisk Den  
  96  6:54  Zergling x2  
  100  6:55  Zergling x2  
  100  6:57  Zergling x2  
  100  7:12  Overlord  
  100  7:14  Zergling x2  
  101  7:17  Overlord  
  101  7:18  Zergling x18  
  101  7:20  Drone  
  111  7:27  Muscular Augments, Hydralisk x2  
  115  7:30  Baneling x5  
  115  7:31  Baneling x3  
  115  7:33  Hydralisk x2  
  115  7:36  Hydralisk x3  
  119  7:38  Hydralisk  
  119  7:40  Hydralisk  
  119  7:42  Hydralisk  
  131  7:46  Hydralisk  
  131  7:47  Zergling x2  
  131  7:48  Zergling x4  
  131  7:49  Zergling x4  
  137  7:53  Zergling x2  
  137  7:57  Overlord  
  137  8:03  Zergling x2  
  137  8:05  Zergling x4  
  138  8:08  Overlord  
  138  8:11  Zergling x2, Hatchery  
  138  8:16  Overlord  
  138  8:18  Zergling x2  
  138  8:19  Zerg Ground Armor Level 2  
  139  8:21  Zerg Melee Weapons Level 2  
  139  8:22  Zergling x6  
  142  8:29  Zergling x12  
  142  8:33  Drone  
  149  8:35  Zergling x4  
  149  8:36  Extractor  
  149  8:37  Zergling x2  
  149  8:38  Grooved Spines  
  149  8:39  Zergling x2  
  149  8:40  Zergling x2, Hydralisk  
  155  8:47  Zergling x2  
  155  8:48  Zergling x6  
  159  8:50  Baneling x5  
  159  8:54  Hydralisk  
  161  8:57  Zergling x2  
  161  8:59  Zergling x2  
  162  9:07  Infestation Pit  
  157  9:11  Hydralisk x2  
  157  9:15  Overlord  
  151  9:17  Overlord  
  151  9:20  Overlord  
  151  9:22  Overlord x4  
  151  9:27  Overlord  
  151  9:28  Baneling x10  
  150  9:34  Hydralisk  
  150  9:35  Overlord  
  150  9:36  Zergling x4  
  150  9:38  Hydralisk x2  
  154  9:41  Zergling x2  
  154  9:45  Hydralisk  
  161  9:47  Zergling x4  
  158  9:53  Hydralisk x2  
  158  9:54  Zergling x2  
  158  9:55  Zergling x4  
  158  9:59  Zergling x2  
  165  10:01  Drone  
  163  10:09  Zergling x2  
  163  10:12  Zergling x2  
  163  10:13  Zergling x2  
  163  10:14  Zergling x2  
  164  10:16  Zergling x2  
  164  10:21  Drone x5  
  164  10:23  Zergling x2  
  164  10:25  Zergling x2  
  164  10:26  Zergling x2  
  172  10:30  Baneling  
  172  10:31  Zergling x2  
  172  10:32  Zergling x4  
  172  10:33  Zergling x4  
  172  10:34  Zergling x2  
  172  10:35  Zergling x2  
  167  10:36  Zergling x2  
  167  10:37  Zergling x2  
  137  10:44  Zergling x2  
  137  10:45  Zergling x2  
Tags
 
Add a new tag
Caveats
  • Supply blocks, unpowered buildings, or Contaminate may cause inaccurate times.
  • Supply counts are checked every 10 seconds.